 Dungeon Crawl Stone Soup version 0.22-a0-441-gcf5b0c64b7 (webtiles) character file.

64 Ordine the Magician (level 3, -3/19 HPs)
             Began as a Deep Elf Wizard on May 30, 2018.
             Slain by an orc
             ... wielding a +0 hand axe
              (6 damage)
             ... on level 2 of the Dungeon.
             The game lasted 00:08:29 (2251 turns).

Ordine the Magician (Deep Elf Wizard)               Turns: 2251, Time: 00:08:30

Health: -3/19      AC:  3    Str:  4    XL:     3   Next: 91%
Magic:  0/11       EV: 13    Int: 23    God:
Gold:   66         SH:  0    Dex: 13    Spells: 3/12 levels left

rFire    + . .     SeeInvis .   p - +3 dagger
rCold    . . .     Gourm    .   (no shield)
rNeg     . . .     Faith    .   a - +0 robe
rPois    .         Spirit   .   b - +1 hat
rElec    .         Reflect  .   (no cloak)
rCorr    .         Harm     .   (no gloves)
MR       .....                  (no boots)
Stlth    ++........             (no amulet)
HPRegen  0.06/turn              e - ring of protection from fire
MPRegen  0.12/turn              (no ring)

@: no status effects
A: no striking features
a: no special abilities


You were on level 2 of the Dungeon.
You were hungry.

You visited 1 branch of the dungeon, and saw 3 of its levels.

You collected 66 gold pieces.

Inventory:

Hand Weapons
 p - a +3 dagger (weapon)
Armour
 a - a +0 robe (worn)
 b - a +1 hat (worn)
Magical Staves
 k - an uncursed staff of energy
Jewellery
 e - a ring of protection from fire (left hand)
Scrolls
 j - a scroll of remove curse
 m - a scroll of enchant weapon
Potions
 c - a potion of degeneration {unknown}
 f - a potion of flight {unknown}
 g - 2 potions of mutation {unknown}
 h - a potion of brilliance
 i - 4 potions of curing {unknown}
 l - a potion of might {unknown}
Comestibles
 d - 3 rations


   Skills:
 - Level 3.0 Dodging
 - Level 3.0 Stealth
 + Level 5.0 Spellcasting
 + Level 2.2 Conjurations
   Level 1.1 Summonings
 + Level 1.8 Translocations
 + Level 0.5 Fire Magic
 + Level 0.6 Air Magic


You had 3 spell levels left.
You knew the following spells:

 Your Spells              Type           Power        Failure   Level  Hunger
a - Magic Dart            Conj           ###.         3%          1    None
b - Blink                 Tloc           N/A          7%          2    None
c - Conjure Flame         Conj/Fire      ##......     16%         3    ##.....
d - Mephitic Cloud        Conj/Pois/Air  ##......     19%         3    ##.....

Your spell library contained the following spells:

 Spells                   Type           Power        Failure   Level  Hunger
 Slow                     Hex            #.......     14%         2    None
 Call Imp                 Summ           ##......     9%          2    None


Dungeon Overview and Level Annotations

Branches:
Dungeon (3/15)

Altars:


Message History

You hit the orc.
The orc is lightly wounded.
The orc barely misses you.
You barely miss the orc.
The orc is lightly wounded.
The orc hits you but does no damage.
You closely miss the orc.
The orc is lightly wounded.
The orc hits you with a hand axe!
* * * LOW HITPOINT WARNING * * *
You are too injured to fight recklessly!
Casting: Magic Dart (safe; 3% risk of failure)
Confirm with . or Enter, or press ? or * to list all spells.
Aiming: Magic Dart (safe; 3% risk of failure)
Press: ? - help, Shift-Dir - straight line, f - orc
Aim: an orc, wielding a hand axe (lightly wounded)
The magic dart hits the orc.
The orc is heavily wounded.
The orc hits you with a hand axe.
You die...

......≈.≈≈≈≈≈...# #.##..
##...≈P≈P≈≈P≈≈..# #.####
.....≈≈≈≈≈≈.≈...# #.#
.≈.≈≈≈≈≈≈≈≈≈....# #.#
.≈≈≈PP≈≈≈.≈..##.# #.#
≈≈≈≈≈≈≈P≈≈..###.# #.#
≈≈≈≈≈≈≈≈≈P.## #.# #.#
≈≈≈≈≈≈..≈..####o########
#.#
≈≈≈≈≈...........@......#
#^#
≈≈≈≈P...########.#####.#
#.# ≈≈≈≈≈..## #.#
###.#####.# .(.....#
#.###.......#.# .......#
#..##.#.###.#.# .......#
#..##.#.# #.#.# .......#
#♣♣ ♣...#.#.# #.#.#
##.....# ♣.♣♣♣♣..#.#.#
#.#.#
#########♣♣.P.♣P♣...#.#
#.#.####


You could see an orc.

Vanquished Creatures
  A gnoll (D:2)
  An adder (D:2)
  A dart slug (D:2)
  3 leopard geckos
  An orc (D:3)
  5 bats
  2 giant cockroaches (D:2)
  5 goblins
  A hobgoblin (D:1)
  3 jackals (D:1)
  2 quokkas (D:2)
  A ball python (D:1)
  A frilled lizard (D:1)
  5 kobolds
  4 rats
36 creatures vanquished.

Notes
Turn   | Place    | Note
-------+----------+-------------------------------------------
     0 | D:1      | Ordine the Deep Elf Wizard began the quest for the Orb.
     0 | D:1      | Reached XP level 1. HP: 10/10 MP: 7/7
   243 | D:1      | Reached XP level 2. HP: 15/15 MP: 4/9
   284 | D:1      | Learned a level 2 spell: Blink
   962 | D:2      | Reached XP level 3. HP: 19/19 MP: 4/11
   967 | D:2      | Learned a level 3 spell: Conjure Flame
   971 | D:2      | Learned a level 3 spell: Mephitic Cloud
  1622 | D:2      | Reached skill level 5 in Spellcasting
  2251 | D:2      | Slain by an orc

Vault maps used:
D:1:      minmay_arrival_solitary_statue, minmay_misc_feat_tiny
D:2:      serial_forest, infiniplex_forest_end_2,
          infiniplex_forest_clump_double, infiniplex_forest_lined_corner,
          infiniplex_forest_clump_small, infiniplex_forest_clump_tiny,
          infiniplex_forest_end_2, chequers_big_river, minmay_pentomino_w4
D:3:      lemuel_round_altar, portal_sewer_entry_d, first_ration, uniq_ijyb

Skill      XL: |  1  2  3 |
---------------+----------+-----
Stealth        | 3 |  3.0
Dodging        | 3 |  3.0
Conjurations   | 2 |  2.2
Spellcasting   | 5 |  5.0
Summonings     | |  1.1
Translocations | |  1.8
Fire Magic     | |  0.5
Air Magic      | |  0.6

Action                   || total
-------------------------++-------
Melee: Short sword       ||     7
       Dagger            ||     3
 Cast: Magic Dart        ||    87
       Mephitic Cloud    ||     2
       Blink             ||     1
  Use: Scroll            ||    12
 Stab: Confused          ||     1
  Eat: Chunk             ||     3
Armor: Robe              ||    10
Dodge: Dodged            ||    20

Table legend:
 A = Spawn XP
 B = Non-spawn XP
 C = Spawn XP percentage of total XP
 D = Spawn monster count
 E = Non-spawn monster count
 F = Spawn count percentage of total count
 G = Total turns spent on level
                    A         B        C        D         E        F      G
               +---------+---------+-------+---------+---------+-------+---------
         Total |       0 |      92 |   0.0 |       0 |      36 |   0.0 |  2251
               +---------+---------+-------+---------+---------+-------+---------
           D:1 |       0 |      36 |   0.0 |       0 |      20 |   0.0 |   941
           D:2 |       0 |      52 |   0.0 |       0 |      14 |   0.0 |  1271
           D:3 |       0 |       4 |   0.0 |       0 |       2 |   0.0 |    39
               +---------+---------+-------+---------+---------+-------+---------
